 Dungeon Crawl Stone Soup version 0.32-a0-898-g7811c86cf0 (webtiles) character file.

Game seed: 9638867851042282450

3658 Twinkles the Mimic (level 10, -10/99 HPs)
             Began as an Octopode Brigand on Apr 5, 2024.
             Was a Believer of Wu Jian.
             Mangled by an orc warrior
             ... wielding a +0 halberd
              (12 damage)
             ... in a bailey.
             The game lasted 00:26:40 (6828 turns).

Twinkles the Mimic (Octopode Brigand)               Turns: 6828, Time: 00:26:40

Health: -10/99     AC:  5    Str: 13    XL:     10   Next: 12%
Magic:  10/10      EV: 14    Int: 14    God:    Wu Jian [**....]
Gold:   411        SH:  0    Dex: 15    Spells: 9/9 levels left

rFire   . . .        l - +8 mithril axe "Arga" {speed, Will+}
rCold   . . .        (no shield)
rNeg    . . .        (helmet restricted)
rPois   .            (no amulet)
rElec   .            n - +4 ring of protection
rCorr   .            (no ring)
SInv    .            (no ring)
Will    +....        (no ring) Stlth
                     (no ring)
HPRegen 0.36/turn    (no ring)
MPRegen 0.12/turn    (no ring)
                     (no ring)

%: no passive effects
@: berserking (expiring), very quick
A: almost no armour, amphibious, 8 rings, camouflage 1, gelatinous body 1,
(nimble swimmer 1), tentacles
a: Renounce Religion, Wall Jump


You were in a bailey.
You worshipped Wu Jian.
Wu Jian was pleased with you.
You visited 2 branches of the dungeon, and saw 9 of its levels.
You also visited: Bailey.

You collected 531 gold pieces.
You spent 120 gold pieces at shops.

Inventory:

Hand Weapons
 a - a +2 dagger
 l - the +8 mithril axe "Arga" (weapon) {speed, Will+}
   (You found it on level 2 of the Dungeon)

   Will+:     It increases your willpower.
 o - a +1 sling of freezing
Missiles
 b - 20 poisoned darts (quivered)
 c - 2 curare-tipped darts
 e - 3 atropa-tipped darts
 p - a throwing net
 A - 6 darts of dispersal
Jewellery
 n - a +4 ring of protection (left tentacle)
 B - a ring of willpower
Talismans
 f - a blade talisman
 i - a serpent talisman
Wands
 q - a wand of flame (16)
Scrolls
 d - a scroll of acquirement {unknown}
 g - a scroll of fear {unknown}
 h - a scroll of torment {unknown}
 j - 5 scrolls of revelation {unknown}
 k - a scroll of vulnerability {unknown}
 s - a scroll of amnesia {unknown}
 t - a scroll of blinking {unknown}
 u - a scroll of noise {unknown}
 v - a scroll of enchant weapon {unknown}
 w - 2 scrolls of enchant armour {unknown}
 x - a scroll of silence {unknown}
 y - a scroll of brand weapon {unknown}
 Y - 3 scrolls of teleportation
Potions
 m - 2 potions of enlightenment
 r - a potion of cancellation {unknown}
 z - 2 potions of attraction {unknown}
 C - a potion of haste {unknown}
 J - 3 potions of curing
 M - 3 potions of might
 N - 4 potions of heal wounds
 P - 2 potions of lignification
 R - a potion of resistance
 T - a potion of berserk rage
 U - 3 potions of mutation


   Skills:
 - Level 5.1 Fighting
 - Level 2.0 Short Blades
 - Level 2.0 Throwing
 - Level 4.7 Dodging
 - Level 8.5 Stealth
 - Level 4.4 Unarmed Combat
 * Level 9.7 Shapeshifting


You had 9 spell levels left.
You didn't know any spells.
Your spell library contained the following spells:

 Spells                   Type           Power      Damage    Failure   Level
 Apportation              Tloc           0%         N/A       28%         1
 Cigotuvi's Dreadful Rot  Necr/Alch/Air  0%         N/A       41%         2
 Jinxbite                 Hex            0%         N/A       41%         2
 Call Canine Familiar     Summ           0%         N/A       65%         3
 Sigil of Binding         Hex            0%         N/A       65%         3
 Dimensional Bullseye     Hex/Tloc       0%         N/A       96%         4
 Alistair's Intoxication  Alch           0%         N/A       100%        5
 Freezing Cloud           Conj/Ice/Air   0%         6-21      100%        5
 Fire Storm               Conj/Fire      0%         5d1       100%        9


Dungeon Overview and Level Annotations

Branches:
Dungeon (8/15) Zot: 26796  Temple (1/1) D:6 Zot: 5927  Bailey (1/1) Zot: 5695
   Lair: D:8-11

Altars:
Ashenzari
Cheibriados
Dithmenos
Elyvilon
Gozag
Hepliaklqana
Kikubaaqudgha
Nemelex Xobeh
Okawaru
Qazlal
Ru
Sif Muna
Trog
Uskayaw
Vehumet
Wu Jian
Xom
Yredelemnul
Zin
The Shining One

Shops:
D:2 ?   D:5 !   D:8 *

Annotations:
D:3 2 transporters, Grinder; NotBatman's ghost, weakling TrFi
D:8 2 exclusions


Innate Abilities, Weirdness & Mutations

You cannot wear most types of armour.
You are amphibious.
You can wear up to eight rings at the same time.
Your skin changes colour to match your surroundings (Stealth+).
Your rubbery body absorbs attacks. (AC +1, EV +1)
((You are camouflaged when in or above water. (Stealth+)))
You have tentacles for arms and can constrict up to eight enemies at once.


Message History

You kill the orc warrior!
The Council accepts your kill.
You constrict the orc warrior.
The orc hits you from afar with a +0 trident.
* * * LOW HITPOINT WARNING * * *
The orc warrior hits you with a +0 glaive.
* * * LOW HITPOINT WARNING * * *
You slash the orc warrior!
You kill the orc warrior!
The Council accepts your kill. The orc misses you.
You lunge at the orc.
You hit the orc. Your grab misses the orc. Your squeeze misses the orc.
The orc is lightly wounded.
You slice the orc!!
You kill the orc!
The Council accepts your kill.
You can now perform airborne attacks.
You closely miss the orc. The orc hits you with a +0 trident.
* * * LOW HITPOINT WARNING * * *
You slash the orc!
You kill the orc!
The Council accepts your kill.
The orc warrior hits you but does no damage.
You lunge at the orc warrior.
You closely miss the orc warrior. Your grab misses the orc warrior.
Things that are here:
a +0 trident; a +0 ring mail; an orc corpse You slash the orc warrior!
You grab the orc warrior.
The orc warrior is heavily wounded.
You constrict the orc warrior.
The orc warrior hits you with a +0 halberd!
* * * LOW HITPOINT WARNING * * *
You completely miss the orc warrior.
The orc warrior is severely wounded.
You constrict the orc warrior. The orc warrior closely misses you.
You barely miss the orc warrior.
The orc warrior is severely wounded.
You constrict the orc warrior.
The orc warrior hits you with a +0 halberd!
You die...

#..⌠#.≈≈.≈≈≈..)))≈≈
#..##.≈.≈≈..≈≈≈≈≈..
#..#.≈≈.≈.≈≈≈...≈≈≈
+..#.≈.≈≈.≈..⌠.⌠..≈
+..#.≈....≈..∩∩∩...
+..#.≈.≈≈.≈..⌠.⌠..≈
#))#.≈≈.≈.≈≈≈...≈≈≈
#).##.≈.≈≈..≈≈≈≈≈..
#.@)#.≈≈.≈≈≈.....≈≈
#.o.#..≈≈..≈≈≈≈≈≈≈.
#...#.⌠.≈≈≈.......≈
#...##....≈≈≈≈≈≈≈≈≈
#....#####.........
#..... ##########
##.... o......
##.... .......
≈≈≈≈≈≈≈


You could see an orc warrior.

Vanquished Creatures
  Pikel (D:3)
  Eustachio (D:5)
  A steam dragon (D:6)
  2 water moccasins
  2 ice beasts
  A black bear (D:5)
  6 orc warriors
  A sky beast (D:7)
  3 ogres
  2 centaurs (Bailey)
  3 lemures (D:4)
  2 kobold brigands
  A bullfrog (D:6)
  Blork the orc (D:6)
  A scorpion (D:5)
  3 howler monkeys
  3 jellies
  3 bombardier beetles
  5 orc priests
  2 hounds
  An iguana (D:5)
  3 sleepcaps
  Ijyb (D:3)
  2 orc wizards
  9 gnolls
  10 adders
  A white imp (D:7)
  2 ufetubi (D:5)
  4 dart slugs
  A ribbon worm (D:4)
  49 orcs
  9 ball pythons
  3 bats
  12 endoplasms
  4 hobgoblins
  5 jackals (D:1)
  4 quokkas
  3 frilled lizards
  12 goblins
  12 kobolds
  2 rats
193 creatures vanquished.

Vanquished Creatures (others)
  2 orcs (D:6)
2 creatures vanquished.

Grand Total: 195 creatures vanquished

Notes
Turn   | Place    | Note
-------+----------+-------------------------------------------
     0 | D:1      | Twinkles the Octopode Brigand began the quest for the Orb.
     0 | D:1      | Reached XP level 1. HP: 14/14 MP: 1/1
    76 | D:1      | Reached XP level 2. HP: 15/19 MP: 2/2
   334 | D:1      | Reached skill level 1 in Unarmed Combat
   458 | D:1      | Reached XP level 3. HP: 25/25 MP: 3/3
   677 | D:2      | Found a shimmering altar of Xom.
   693 | D:2      | Found the +8 mithril axe "Arga" {speed, Will+}
   747 | D:2      | Found Joatuh's Magic Scroll Emporium.
   753 | D:2      | Bought a scroll of teleportation for 36 gold pieces
   753 | D:2      | Bought a scroll of identify for 24 gold pieces
   957 | D:2      | Reached skill level 1 in Shapeshifting
   957 | D:2      | Reached XP level 4. HP: 30/30 MP: 4/4
  1316 | D:3      | Reached XP level 5. HP: 35/36 MP: 5/5
  1392 | D:3      | Noticed NotBatman's ghost (weakling TrFi)
  1413 | D:3      | Reached skill level 2 in Shapeshifting
  1450 | D:3      | Found a transporter.
  1453 | D:3      | Found a transporter.
  1684 | D:3      | Noticed Grinder
  1851 | D:3      | Noticed Ijyb
  1856 | D:3      | Killed Ijyb
  1857 | D:3      | Reached XP level 6. HP: 42/42 MP: 6/6
  2460 | D:4      | Noticed Pikel
  2467 | D:4      | Reached skill level 3 in Shapeshifting
  2544 | D:3      | Killed Pikel
  2545 | D:3      | Reached skill level 4 in Shapeshifting
  2545 | D:3      | Reached XP level 7. HP: 22/48 MP: 7/7
  2663 | D:4      | Reached XP level 8. HP: 52/54 MP: 8/8
  2922 | D:5      | Entered Level 5 of the Dungeon
  2925 | D:5      | Found Fomopry's Distillery.
  3036 | D:5      | Bought a potion of berserk rage for 60 gold pieces
  3192 | D:5      | Found a white marble altar of Elyvilon.
  3363 | D:5      | Reached skill level 5 in Shapeshifting
  3475 | D:5      | Noticed Eustachio
  3495 | D:5      | Found a glowing silver altar of Zin.
  4034 | D:5      | Killed Eustachio
  4035 | D:5      | Reached skill level 5 in Fighting
  4035 | D:5      | Reached XP level 9. HP: 46/61 MP: 9/9
  4459 | D:6      | Found a staircase to the Ecumenical Temple.
  4473 | Temple   | Entered the Ecumenical Temple
  4514 | Temple   | Became a worshipper of the Wu Jian Council
  4586 | D:6      | Noticed Blork the orc
  4592 | D:6      | Killed Blork the orc
  4593 | D:6      | Reached skill level 6 in Shapeshifting
  4793 | D:6      | HP: 18/61 [burnt (5)]
  5220 | D:6      | Reached skill level 7 in Shapeshifting
  5800 | D:7      | Got the Dissertation on Comburant Fog
  5936 | D:7      | Reached skill level 8 in Shapeshifting
  6424 | D:8      | Reached * piety under Wu Jian
  6481 | D:8      | Found Nulaut's Assorted Antiques.
  6482 | D:8      | Noticed a troll
  6504 | D:8      | Found a flagged portal.
  6521 | Bailey   | Entered a bailey
  6603 | Bailey   | Reached skill level 9 in Shapeshifting
  6720 | Bailey   | Reached XP level 10. HP: 66/66 MP: 10/10
  6818 | Bailey   | HP: 17/99 [orc warrior/+0 glaive (19)]
  6823 | Bailey   | Reached ** piety under Wu Jian
  6823 | Bailey   | HP: 11/99 [orc/+0 trident (2)]
  6826 | Bailey   | HP: 1/99 [orc warrior/+0 halberd (11)]
  6828 | Bailey   | Mangled by an orc warrior

Illustrated notes

Levels and vault maps discovered:
D:1:      minmay_arrival_open_corners, layout_basic
D:2:      layout_basic, serial_shops, shop, basic_altar, guppyfry_early_orc_mine
D:3:      layout_basic, gammafunk_ghost_arena, uniq_grinder, uniq_ijyb
D:4:      layout_cave_pools, kennysheep_pointless_box, serial_bayou_crossing,
          uniq_pikel
D:5:      cheibrodos_helix_gallery, layout_loops_corners,
          nicolae_overflow_hidden_temple, zin_statuary, serial_shops, shop,
          minmay_checkerbox, uniq_eustachio
D:6:      layout_rooms, minmay_temple_entry_glass, minmay_fractal_squares_5,
          uniq_blork_the_orc
D:7:      layout_rooms
D:8:      layout_loops_cross, serial_shops, nicolae_take_the_stairs,
          nicolae_lakefront_shop, shop, lightli_bailey_entry_fortress,
          mrwooster_statue_mirror, nrook_loot_triangle
Temple:   dpeg_five_rooms_temple
Bailey:   bailey_polearm_flooded_kennysheep, bailey

Skill      XL: |  1  2  3  4  5  6  7  8  9 |
---------------+----------------------------+-----
Unarmed Combat | 1 2 3 4 |  4.4
Shapeshifting  | 1 2 4 5 9 |  9.7
Dodging        | 2 3 4 |  4.7
Stealth        | 6 7 8 |  8.5
Fighting       | 3 4 5 |  5.1
Short Blades   | |  2.0
Throwing       | |  2.0

Action                     |  1- 3 |  4- 6 |  7- 9 | 10-12 || total
---------------------------+-------+-------+-------+-------++-------
  Melee: Dagger            |    41 |       |       |       ||    41
         Constrict         |     8 |    17 |    38 |     5 ||    68
         Tentacles         |     5 |     9 |    38 |       ||    52
         Broad axe         |     9 |    75 |   182 |    18 ||   284
  Throw: Dart              |       |    10 |     3 |       ||    13
Ability: Lunge             |       |       |    15 |     5 ||    20
         Whirlwind         |       |       |     1 |       ||     1
    Use: Scroll            |     2 |     1 |     5 |       ||     8
         Potion            |       |       |     1 |     1 ||     2
   Stab: Sleeping          |    14 |    15 |    20 |       ||    49
         Distracted        |       |       |     2 |       ||     2
 Armour: Skin              |     7 |    18 |   104 |    13 ||   142
  Dodge: Dodged            |    25 |    39 |   129 |    10 ||   203

Table legend: (Time is in decaauts)
 A = Elapsed time spent in this place.
 B = Non-inter-level travel time spent in this place.
 C = Inter-level travel time spent in this place.
 D = Time resting spent in this place.
 E = Time spent auto-exploring this place.
 F = Levels seen in this place.
 G = Mean time per level.
                   A        B        C        D        E       F      G
               +--------+--------+--------+--------+--------+-----+--------+
         Total |   6837 |   6440 |    397 |    817 |   3988 |  10 |  683.7 |
       Dungeon |   6460 |   6131 |    329 |    719 |   3965 |   8 |  807.5 |
        Temple |     72 |      4 |     68 |      0 |      0 |   1 |   72.0 |
        Bailey |    303 |    303 |      0 |     98 |     23 |   1 |  303.0 |
               +--------+--------+--------+--------+--------+-----+--------+

Top non-repeatable levels by time:
     D:5: 1598 daAuts
     D:6: 1040 daAuts
     D:3: 1032 daAuts
     D:7: 695 daAuts
     D:1: 645 daAuts
     D:2: 627 daAuts
     D:4: 617 daAuts
  Bailey: 303 daAuts
     D:8: 203 daAuts
  Temple: 72 daAuts
